 Dungeon Crawl Stone Soup version bcrawl-1.13.2 (webtiles) character file.

Game seed: 18382251569180575958

2818 Felnil the Fighter (level 9, -5/68 HPs)
             Began as a Skeleton Fighter on Aug 10, 2019.
             Was a Plaything of Xom.
             Slain by an orc warrior
             ... wielding a cursed -1 short sword
              (14 damage)
             ... on level 8 of the Dungeon.
             The game lasted 00:29:32 (9433 turns).

Felnil the Fighter (Skeleton Fighter)               Turns: 9433, Time: 00:29:33

Health: -5/68      AC: 12    Str: 26      XL:     9   Next: 44%
Magic:  0/9        EV:  8    Int:  6 (7)  God:    Xom [....*.]
Gold:   540        SH:  9    Dex:  2 (8)  Spells: 8/8 levels left

rFire    . . .     SeeInvis .   t - +2 mace (chaos)
rCold    + . .     Gourm    .   c - +0 shield
rNeg     + + +     Faith    .   f - +3 ring mail {rPois}
rPois    ∞         Spirit   +   (no helmet)
rElec    .         Reflect  .   (no cloak)
rCorr    +         Harm     .   (no gloves)
MR       +....                  (no boots)
Stlth    ..........             (no amulet)
HPRegen  0.21/turn              p - ring of resist corrosion
MPRegen  0.11/turn              o - +4 ring of protection

@: no status effects
A: no food or potions, cold resistance 1, deterioration 1, negative energy
resistance 3, powered by death 1, torment resistance, unbreathing, magic shield,
sturdy frame 1, spell healing
a: Renounce Religion


You were on level 8 of the Dungeon.
You worshipped Xom.
You were a beloved toy of Xom.
You were not hungry.

You visited 2 branches of the dungeon, and saw 10 of its levels.

You collected 540 gold pieces.

Inventory:

Hand Weapons
 a - a +0 long sword
 b - a +3 dagger
 k - a +2 mace of crushing
 l - a +2 rapier of protection
 s - a +3 vampiric hand axe
 t - a +2 mace of chaos (weapon)
Missiles
 h - 218 tomahawks (quivered)
 q - 40 javelins
Armour
 c - a +0 shield (worn)
 f - a +3 ring mail of poison resistance (worn)
Magical Staves
 j - an uncursed staff of death
Jewellery
 d - an uncursed ring of insulation
 i - an uncursed ring of magical power
 m - an uncursed ring of protection from cold
 o - a +4 ring of protection (right hand)
 p - a ring of resist corrosion (left hand)
 u - an uncursed ring of fire
Scrolls
 e - 2 scrolls of amnesia
 g - 2 scrolls of remove curse
 n - 2 scrolls of fog
 v - a scroll of identify


   Skills:
 + Level 13.0 Fighting
 - Level 2.4 Long Blades
 + Level 3.3 Armour
 + Level 3.6 Shields


You had 8 spell levels left.
You didn't know any spells.
Your spell library contained the following spells:

 Spells                   Type           Power        Failure   Level  Hunger
 Apportation              Tloc           #.....       95%         1    N/A
 Infusion                 Chrm           #.......     95%         1    N/A
 Sandblast                Erth           #.....       95%         1    N/A
 Slow                     Hex            #.......     95%         1    N/A
 Summon Butterflies       Summ           #.......     95%         1    N/A

Dungeon Overview and Level Annotations

Branches:
Dungeon (9/12)             Temple (1/1) D:5
   Lair: D:7-10         Orc: D:8-11

Altars:
Ashenzari
Cheibriados
Dithmenos
Elyvilon
Fedhas
Gozag
Hepliaklqana
Kikubaaqudgha
Lugonu
Makhleb
Nemelex Xobeh
Okawaru
Qazlal
Ru
Sif Muna
Trog
Uskayaw
Vehumet
Wu Jian
Xom
Zin
The Shining One

Shops:
D:5 ?


Innate Abilities, Weirdness & Mutations

You do not eat or drink.
You are immune to poison.
Your flesh is cold resistant. (rC+)
Your body sometimes deteriorates upon taking damage.
You are immune to negative energy. (rN+++)
You regenerate a little health from kills.
You are immune to unholy pain and torment.
You can survive without breathing.
When hurt, damage is shared between your health and your magic reserves.
Your movements are slightly less encumbered by armour. (ER -2)
Casting spells heals you.


Message History

The troll barely misses you. The troll claws you.
* * * LOW HITPOINT WARNING * * *
The adder closely misses you.
Okay, then.
You can't go down here!
The adder barely misses you.
The quasit bites you but does no damage.
You block the quasit's attack.
The quasit claws you but does no damage.
The troll barely misses you. The troll claws you.
* * * LOW HITPOINT WARNING * * *
The troll claws you but does no damage. The adder bites you but does no damage.
You block the quasit's attack. x3
You climb upwards.
The orc closely misses you. You block the orc warrior's attack.
The orc barely misses you.
There is a stone staircase leading down here.
The adder rages.
The orc warrior hits you with a cursed -1 short sword!
You die...
Xom thinks this is hilarious!

.....###. ##.........
......... ..#......
......#.# ......#
...>.!#.#####.....###.
............#.......(.
......#.###.†...(.####
......#.# ##..T.....$#
........# ##..ooS##.#
.#####.#### ##o5@.#
.......<..# ##....#
......o....# #........
.........)..#...........
............#^..........
.........o..#...........
..........o.##..........
............###...##...#
.........o.##


You could see a troll, an orc warrior, a quasit, an adder (berserk) and 2 orcs.

Vanquished Creatures
  A hippogriff (D:6)
  Sigmund (D:6)
  A yak (D:7)
  A hungry ghost (D:7)
  A soldier ant (D:6)
  A sky beast (D:5)
  2 orc warriors (D:7)
  A black bear (D:6)
  An ice beast (D:7)
  An ogre (D:4)
  A phantom (D:6)
  A centaur (D:5)
  A bullfrog (D:7)
  A gnoll sergeant (D:6)
  2 scorpions
  A water moccasin skeleton (D:7)
  2 crimson imps (D:4)
  A quasit (D:7)
  A bullfrog zombie (D:4)
  4 hounds
  3 orc priests
  A jelly (D:5)
  2 bullfrog skeletons
  2 centaur skeletons (D:4)
  2 iguanas (D:4)
  5 orc wizards
  2 worker ants
  A hound skeleton (D:4)
  A worker ant zombie (D:4)
  5 gnolls (D:6)
  5 adders
  2 shadow imps
  2 oozes
  3 adder zombies (D:4)
  An adder skeleton (D:7)
  4 worms
  A dart slug (D:1)
  7 leopard geckos
  41 orcs
  4 giant cockroaches
  3 goblins
  9 hobgoblins
  7 jackals
  2 kobolds (D:3)
  3 quokkas
  A bat (D:1)
  7 frilled lizards
  A jackal zombie (D:4)
  2 quokka skeletons (D:4)
  A quokka zombie (D:4)
  10 rats
166 creatures vanquished.

Vanquished Creatures (collateral kills)
  A phantom (D:7)
  An orc priest (D:6)
  An orc wizard (D:6)
  An orc (D:6)
4 creatures vanquished.

Grand Total: 170 creatures vanquished

Notes
Turn   | Place    | Note
-------+----------+-------------------------------------------
     0 | D:1      | Felnil the Skeleton Fighter began the quest for the Orb.
     0 | D:1      | Reached XP level 1. HP: 14/14 MP: 1/1
   130 | D:1      | Reached XP level 2. HP: 19/19 MP: 2/2
   322 | D:1      | Reached skill level 4 in Fighting
   780 | D:1      | Reached XP level 3. HP: 12/24 MP: 1/3
  1933 | D:2      | Reached skill level 5 in Fighting
  1933 | D:2      | Reached XP level 4. HP: 6/31 MP: 0/4
  3462 | D:4      | Reached skill level 6 in Fighting
  3462 | D:4      | Reached XP level 5. HP: 35/36 MP: 5/5
  3693 | D:4      | Noticed an ogre
  3702 | D:4      | Killed an ogre
  3702 | D:4      | Reached skill level 7 in Fighting
  3702 | D:4      | Gained mutation: You regenerate a little health from kills.
                  | [Skeleton growth]
  3702 | D:4      | Reached XP level 6. HP: 40/44 MP: 6/6
  3925 | D:4      | Reached skill level 8 in Fighting
  3928 | D:4      | Reached XP level 7. HP: 40/49 MP: 7/7
  4340 | D:5      | Entered Level 5 of the Dungeon
  4578 | D:5      | Reached skill level 9 in Fighting
  4842 | D:5      | Found Fauqok's Magic Scroll Emporium.
  5051 | D:5      | Found a staircase to the Ecumenical Temple.
  5111 | Temple   | Entered the Ecumenical Temple
  5491 | Temple   | Became a worshipper of Xom of Chaos
  5679 | D:6      | XOM: silly message
  5706 | D:6      | XOM: potion effect (brilliance)
  5723 | D:6      | Reached XP level 8. HP: 54/57 MP: 6/8
  5801 | D:6      | Found a stormy altar of Qazlal.
  5804 | D:6      | Noticed an air elemental
  5814 | D:6      | Reached skill level 10 in Fighting
  5841 | D:6      | XOM: divination: detect items
  5851 | D:6      | XOM: summons friendly iron imp
  5985 | D:6      | Noticed Sigmund
  5986 | D:6      | XOM: potion effect (haste)
  6000 | D:6      | XOM: harmless Tloc miscast
  6066 | D:6      | XOM: enchant monster (bad)
  6107 | D:6      | XOM: confusion (+ monsters)
  6196 | D:6      | Noticed a hippogriff
  6196 | D:6      | XOM: harmless Tmut miscast
  6221 | D:6      | XOM: smoke on damage
  6234 | D:6      | Killed a hippogriff
  6300 | D:6      | XOM: cloud trail
  6386 | D:6      | XOM: scenery: 1 doors open
  6388 | D:6      | XOM: polymorph ogre -> soldier ant
  6431 | D:6      | XOM: medium Tloc miscast
  6433 | D:6      | XOM: mild Tmut miscast
  6434 | D:6      | XOM: swap monsters
  6455 | D:7      | Reached skill level 11 in Fighting
  6500 | D:7      | XOM: blink monster(s)
  6506 | D:7      | XOM: summons 8 friendly demons
  6603 | D:7      | XOM: medium Tloc miscast
  6603 | D:7      | XOM: smoke on damage
  6677 | D:7      | XOM: 1-stop teleportation journey
  6740 | D:7      | XOM: medium Tloc miscast
  6783 | D:7      | XOM: harmless Summ miscast
  6798 | D:7      | XOM: swap monsters
  6809 | D:7      | XOM: scenery: create altars
  6818 | D:7      | XOM: harmless Erth miscast
  6825 | D:7      | XOM: 2-stop teleportation journey
  7011 | D:7      | XOM: silly message
  7016 | D:7      | XOM: severe Air miscast
  7204 | D:6      | XOM: summons 4 hostile demons
  7217 | D:6      | XOM: fog
  7234 | D:6      | XOM: enchant monster (bad)
  7257 | D:6      | XOM: confuse monster(s)
  7559 | D:6      | Killed Sigmund
  7559 | D:6      | Reached XP level 9. HP: 44/65 MP: 5/9
  7706 | D:6      | Reached skill level 12 in Fighting
  7747 | D:6      | XOM: god gift: glowing mace {god gift}
  7793 | D:6      | XOM: summons 9 friendly demons
  7947 | D:6      | XOM: confusion
  7949 | D:6      | XOM: summons friendly quasit
  8048 | D:6      | XOM: summons 4 hostile demons
  8049 | D:6      | Noticed a sun demon
  8365 | D:6      | XOM: cloud trail
  8823 | D:7      | XOM: polymorph hippogriff -> yak
  8953 | D:7      | Reached skill level 13 in Fighting
  9303 | D:7      | XOM: cloud trail
  9426 | D:9      | Noticed a troll
  9433 | D:8      | Slain by an orc warrior

Skill      XL: |  1  2  3  4  5  6  7  8  9 |
---------------+----------------------------+-----
Fighting       | 4 5 6 7 8 9 11 13 | 13.0
Long Blades    | |  2.4
Armour         | |  3.3
Shields        | |  3.6

Action                   |  1- 3 |  4- 6 |  7- 9 || total
-------------------------+-------+-------+-------++-------
Melee: Long sword        |   155 |    47 |       ||   202
       Rapier            |       |   145 |   112 ||   257
       Hand axe          |       |       |   338 ||   338
       Mace              |       |       |   124 ||   124
  Use: Scroll            |       |       |    14 ||    14
 Stab: Sleeping          |       |       |     1 ||     1
       Petrified         |       |       |     5 ||     5
       Paralysed         |       |       |     3 ||     3
Armor: Scale mail        |    47 |    84 |   102 ||   233
       Ring mail         |       |       |   370 ||   370
Dodge: Dodged            |    69 |    60 |   326 ||   455
Block: Shield            |    77 |   103 |   414 ||   594
